[Event "2nd Cambridge Open 2024"]
[Site "Cambridge"]
[Date "2024.02.19"]
[Round "1.1"]
[White "Martyn, Rafe"]
[Black "Adams, Michael"]
[Result "1/2-1/2"]
[ECO "C54"]
[WhiteElo "2206"]
[BlackElo "2674"]
[Annotator "TA"]
[PlyCount "92"]
[EventDate "2024.02.18"]
[EventType "swiss"]
[EventCountry "ENG"]
[SourceTitle "playchess.com"]
[Source "ChessBase"]
[SourceQuality "1"]
[TimeControl "5400+30"]

1. e4 e5 2. Nf3 Nc6 3. Bc4 Nf6 4. d3 Bc5 5. O-O d6 6. c3 a5 7. Re1 Ba7 8. a4 O-O 9. h3 Ne7 10. d4 Ng6 11. dxe5 dxe5 12. Qxd8 Rxd8 13. Bg5 h6 14. Bxf6 gxf6 15. Nbd2 Nf4 {[%emt 0:02:59] Strongly threatening ...Kh7.} 16. Nf1 Be6 17. Bxe6 fxe6 18. Ng3 Rd3 19. Kf1 Nxh3 20. Red1 $2 (20. Re2 $17 Nf4 21. Ree1) 20... Nxf2 $19 21. Rxd3 Nxd3 22. Rd1 Nf4 (22... Nxb2 $19 {and Black stays clearly on top.} 23. Rd7 Rf8 (23... Nxa4 $2 {is the wrong capture.} 24. Nh5 $18) 24. Rxc7 Rf7 (24... Nxa4 $2 25. Rxb7 Rf7 26. Rb5 $19) 25. Rc8+ Rf8) 23. Rd7 Bb6 (23... Be3 $19 {Threatens to win with ...Ra6.} 24. Ne2 Ra6 25. Nxf4 Bxf4 26. Rxc7 Rb6) 24. Nd2 (24. Ne2 $142) 24... Kh8 (24... c6 $1 $17 {And now ...Rd8 would win.} 25. Nc4 Bc5) 25. Ne2 $1 $15 Nxe2 26. Kxe2 {[%emt 0:00:01][%mdl 4096] Endgame. KRB-KRN} Rg8 27. Kf3 f5 28. g3 $1 Rg7 29. Rd8+ Rg8 30. Rd7 Rg7 31. Rd8+ Kh7 32. exf5 $2 (32. Re8 $11) 32... exf5 $19 {[%emt 0:00:16] aiming for ...e4+.} 33. Nc4 {[%emt 0:00:06] [#]} e4+ 34. Kf4 {[%emt 0:00:15] [#]} Re7 $2 (34... Bf2 $1 $19 {White must now prevent ...Rg5.} 35. Rd2 Bxg3+ 36. Kxf5 b6) 35. Nxb6 $1 $11 {[%emt 0:05:27] The position is equal.} cxb6 36. Kxf5 {[%emt 0:00:04] KR-KR} e3 37. Rd1 e2 38. Re1 Kg7 39. Kf4 Kf6 40. Kf3 Kf5 41. Rxe2 Rxe2 42. Kxe2 {[%emt 0:00:02] KP-KP} Ke4 43. b3 $1 h5 44. c4 $1 Kd4 45. Kd2 Ke4 {[%emt 0:00:05] ( -> ...Kf3)} 46. Ke2 Kd4 {[%emt 0:00:05] Weighted Error Value: White=0.23 (precise) /Black=0.21 (precise) .  Loses game:     	White=2     	---        Missed win:     	---       	Black=2      Mistake:       	White=1     	Black=2      Inaccurate:     	White=4     	Black=1      OK:         	White=13    	Black=15     Best:        	White=3     	Black=3      Strong:       	White=5     	---} 1/2-1/2

[Event "2nd Cambridge Open 2024"]
[Site "Cambridge"]
[Date "2024.02.19"]
[Round "1.2"]
[White "Sonis, Francesco"]
[Black "Karamsetty, Jeevan"]
[Result "1/2-1/2"]
[ECO "E62"]
[WhiteElo "2573"]
[BlackElo "2211"]
[Annotator "ChessBase"]
[PlyCount "56"]
[EventDate "2024.02.18"]
[EventType "swiss"]
[EventCountry "ENG"]
[SourceTitle "playchess.com"]
[Source "ChessBase"]
[SourceQuality "1"]
[TimeControl "5400+30"]

1. d4 d6 2. Nf3 g6 3. g3 Bg7 4. Bg2 Nf6 5. c4 O-O 6. Nc3 c6 7. O-O Bf5 8. Ng5 e5 9. d5 a5 10. dxc6 bxc6 11. b3 e4 12. Ba3 Re8 13. Qxd6 Nfd7 14. Nxf7 Kxf7 15. Qd2 Nc5 16. Qc1 Nba6 17. Rd1 Qe7 18. Bb2 Kg8 19. Re1 Rad8 20. Nd1 Bxb2 21. Qxb2 Qg7 22. Qc1 Rd6 23. Ne3 Red8 24. Qa3 Qc7 25. Qb2 Qg7 26. Qa3 Qc7 27. Qb2 Qg7 28. Qa3 Qc7 1/2-1/2

[Event "2nd Cambridge Open 2024"]
[Site "Cambridge"]
[Date "2024.02.19"]
[Round "1.3"]
[White "Sowray, Peter J"]
[Black "Tiviakov, Sergei"]
[Result "0-1"]
[ECO "E27"]
[WhiteElo "2169"]
[BlackElo "2537"]
[Annotator "TA"]
[PlyCount "102"]
[EventDate "2024.02.18"]
[EventType "swiss"]
[EventCountry "ENG"]
[SourceTitle "playchess.com"]
[Source "ChessBase"]
[SourceQuality "1"]
[TimeControl "5400+30"]

1. d4 Nf6 2. c4 e6 3. Nc3 Bb4 4. f3 O-O 5. a3 Bxc3+ 6. bxc3 Nh5 {[%emt 0:01:59] Threatens to win with ...Qh4+.} 7. Nh3 f5 8. e4 fxe4 {[%emt 0:00:11] The position is equal.} 9. Bg5 Nf6 10. fxe4 {[%emt 0:02:51] [#] e5 is the strong threat.} d6 11. Bd3 {[%emt 0:07:43] aiming for e5.} e5 12. O-O Bxh3 13. gxh3 Nc6 14. d5 Ne7 15. Ra2 Kh8 16. Raf2 Ng6 17. h4 Qe7 18. Qd2 Nf4 19. Bxf4 exf4 20. Qxf4 Rae8 21. Qg5 Qe5 22. Qd2 Qh5 {[%emt 0:07:36][%mdl 1024] Black has compensation.} (22... Nxe4 23. Rxf8+ Rxf8 24. Rxf8#) 23. Rf4 b6 24. Qf2 Re7 25. Rf5 Qe8 26. Bc2 Re5 ({Stronger than} 26... Nxe4 27. Rxf8+) 27. Rf4 Kg8 ({Worse is} 27... Nxe4 28. Rxf8+) 28. Kh1 Qe7 29. Qg2 Nd7 30. Rxf8+ Nxf8 31. Qg4 Qe8 32. Rf2 Re7 33. Kg2 Ng6 34. Kg3 (34. h5 $15 Ne5 35. Qh3) 34... Ne5 $17 35. Qe2 (35. Qf5 $17 {keeps fighting.}) 35... Qg6+ $19 36. Kh3 Rf7 37. Rf5 Qg1 (37... Qh6 $19 38. Rxf7 Kxf7) 38. Rxf7 $17 Kxf7 {[%emt 0:00:08][%mdl 4096] Endgame. KQB-KQN} (38... Nxf7 $17 39. e5 Nxe5 (39... dxe5 40. Bf5 $17) 40. Bxh7+ Kxh7 41. Qh5+ Kg8 42. Qe8+ Kh7 43. Qh5+ Kg8 44. Qe8+ Kh7 45. Qh5+) 39. h5 $2 {[%emt 0:00:53][%mdl 8192] [#] This move loses the game for White.} (39. Qh5+ $15 Ke7 40. Qg5+ Qxg5 41. hxg5) 39... Kf6 (39... g5 $142 {( -> ...g4+)} 40. hxg6+ hxg6) 40. Bd1 Ke7 41. Bc2 h6 $40 {[%emt 0:00:22][%mdl 128] White is in trouble.} 42. Bd1 Nf7 43. Bc2 Ng5+ 44. Kh4 Kf6 45. Bd1 Ke5 46. Bc2 Nh7 47. Bd1 Nf6 48. c5 $2 (48. Kh3 {might work better.}) 48... bxc5 $19 {[%emt 0:01:49] Black is clearly winning.} (48... dxc5 $2 49. Kh3 $19) 49. c4 (49. Kh3 $142) 49... Nxe4 50. Bc2 Qf2+ 51. Qxf2 Nxf2 {[%emt 0:00:02] Weighted Error Value: White=0.40/Black=0.19 (very precise) .  Loses game:     	White=1     	---        Mistake:       	White=4     	Black=3      Inaccurate:     	White=8     	Black=4      OK:         	White=12    	Black=19     Best:        	White=2     	Black=3} 0-1

[Event "2nd Cambridge Open 2024"]
[Site "Cambridge"]
[Date "2024.02.19"]
[Round "1.4"]
[White "Fernandez, Daniel Howard"]
[Black "Abhyuday, Santhosh"]
[Result "1-0"]
[ECO "B90"]
[WhiteElo "2525"]
[BlackElo "2058"]
[Annotator "ChessBase"]
[PlyCount "73"]
[EventDate "2024.02.18"]
[EventType "swiss"]
[EventCountry "ENG"]
[SourceTitle "playchess.com"]
[Source "ChessBase"]
[SourceQuality "1"]
[TimeControl "5400+30"]

1. e4 c5 2. Nf3 d6 3. d4 cxd4 4. Nxd4 Nf6 5. Nc3 a6 6. h3 e5 7. Nf3 Qc7 8. Nh2 Be6 9. Ng4 Nbd7 10. a4 Rc8 11. Qf3 Be7 12. Bd3 Qc6 13. Ne3 Nc5 14. O-O Nxd3 15. cxd3 O-O 16. Nf5 Bxf5 17. Qxf5 h6 18. Be3 Rfd8 19. Rac1 Qd7 20. g4 Rc6 21. Qxd7 Rxd7 22. g5 hxg5 23. Bxg5 Nh5 24. Bxe7 Rxe7 25. Nd5 Re6 26. b4 Rg6+ 27. Kh2 Kh7 28. a5 Rh6 29. Rc4 g5 30. Rfc1 Rxc4 31. Rxc4 g4 32. Rc7 Nf4 33. Rxf7+ Kg8 34. Rxb7 Rxh3+ 35. Kg1 Rxd3 36. b5 Nh3+ 37. Kg2 1-0

[Event "2nd Cambridge Open 2024"]
[Site "Cambridge"]
[Date "2024.02.19"]
[Round "1.5"]
[White "Denderski, Piotr"]
[Black "Ghasi, Ameet K"]
[Result "1-0"]
[ECO "E95"]
[WhiteElo "2137"]
[BlackElo "2509"]
[Annotator "RC"]
[PlyCount "159"]
[EventDate "2024.02.18"]
[EventType "swiss"]
[EventCountry "ENG"]
[SourceTitle "playchess.com"]
[Source "ChessBase"]
[SourceQuality "1"]
[TimeControl "5400+30"]

1. d4 Nf6 2. c4 g6 3. Nc3 Bg7 4. e4 d6 5. Nf3 O-O 6. Be2 Nbd7 7. O-O e5 8. Re1 Re8 9. d5 Nc5 10. Bf1 a5 11. b3 Rf8 12. Rb1 Bd7 13. h3 Nh5 14. Be3 b6 15. Nd2 Nf4 16. Qc2 f5 17. a3 Nh5 18. f3 Bf6 19. b4 Nb7 20. Nb3 a4 21. Nc1 Bh4 22. Rd1 fxe4 23. Nxe4 Bf5 24. Bd3 Qe7 25. Ne2 Ng7 26. c5 bxc5 27. bxc5 Nd8 28. Rb4 Nf7 29. Rxa4 Bxe4 30. Bxe4 Rxa4 31. Qxa4 Bg5 32. Bf2 dxc5 33. Qc2 Nd6 34. Bxc5 Ra8 35. a4 Qd7 36. Ra1 Ngf5 37. Bxf5 Nxf5 38. Qe4 Ra5 39. Bf2 Kf7 40. Nc3 Be7 41. Rb1 Bd6 42. h4 Ne7 43. h5 Qf5 44. hxg6+ hxg6 45. g4 Qf4 46. Qxf4+ exf4 47. Rb5 Ra8 48. a5 Nc8 49. Bd4 Ke8 50. Ne4 Kd7 51. Kf2 Be7 52. Bc3 Ra6 53. Bd2 g5 54. Rb8 Kd8 55. Bc3 Kd7 56. Rb7 Ra8 57. Ke2 Nd6 58. Nxd6 Bxd6 59. Rb1 Re8+ 60. Kd3 c6 61. Rb7+ Bc7 62. a6 Kd6 63. Bb4+ c5 64. Bxc5+ Kxc5 65. Rxc7+ Kxd5 66. a7 Re3+ 67. Kc2 Ra3 68. Kb2 Ra5 69. Kc3 Kd6 70. Rg7 Ke6 71. Kb4 Ra1 72. Kc5 Kf6 73. Rh7 Ke5 74. Kb6 Kd4 75. Re7 Kd5 76. Rd7+ Ke6 77. Rd4 Ke5 78. Rb4 Kd5 79. Kb7 Kc5 80. Rb2 1-0

[Event "2nd Cambridge Open 2024"]
[Site "Cambridge"]
[Date "2024.02.19"]
[Round "1.7"]
[White "Mihalik, Agoston"]
[Black "Royal, Shreyas"]
[Result "0-1"]
[ECO "B51"]
[WhiteElo "2146"]
[BlackElo "2459"]
[Annotator "TA"]
[PlyCount "52"]
[EventDate "2024.02.18"]
[EventType "swiss"]
[EventCountry "ENG"]
[SourceTitle "playchess.com"]
[Source "ChessBase"]
[SourceQuality "1"]
[TimeControl "5400+30"]

1. e4 c5 2. Nf3 d6 3. Bb5+ Nd7 4. O-O a6 5. Bd3 Ngf6 6. c3 b5 7. Bc2 Bb7 8. Re1 {[%emt 0:00:13] The position is equal.} e6 9. d4 Be7 10. Nbd2 Qc7 11. e5 dxe5 12. dxe5 Nd5 13. Nf1 O-O-O 14. a4 {[%emt 0:13:17] [#]} g5 $1 15. axb5 axb5 16. Qe2 Bc6 (16... Qc6 $1 $11) 17. c4 (17. Bxg5 Bxg5 18. Be4 (18. Nxg5 $2 Rhg8 $17) 18... Be7 $19) 17... bxc4 18. Ba4 (18. Bxg5 $2 Bxg5 19. Nxg5 Rhg8 $19 (19... Nf4 20. Qxc4 Nxg2 21. Nxf7 $14)) 18... Bb7 19. Bb5 {[%emt 0:02:29] [#]} (19. Nxg5 Bxg5 20. Bxg5 Rdg8 21. Bxd7+ Qxd7 $17) (19. Bd2 $1 $11 {keeps the balance.}) 19... Kb8 ({Black should try} 19... Rhg8 $1 $17 {aiming for ...g4.} 20. Qxc4 (20. Bxc4 g4 $17) 20... g4) 20. Ng3 ({But not} 20. Nxg5 Bxg5 21. Bxg5 Rhg8 $17) 20... Rhg8 21. Bxd7 (21. Qxc4 $11 g4 22. Nd2 (22. Bxd7 gxf3 23. Bb5 h5 $19)) 21... Rxd7 $17 22. Qxc4 {[%emt 0:01:15] [#]} (22. Rd1 $17) 22... g4 $1 $19 23. Nd2 Nb4 {[%emt 0:00:05] Strongly threatening ...Rd4.} 24. Ra3 $2 (24. Re4 {keeps fighting.} Qc6 25. Qf1) 24... Rd4 {[%emt 0:02:13] Active counter play!} 25. Qc3 (25. Qb5 $142 Nc2 26. Ree3) 25... Rgd8 {[%emt 0:00:06] ...Qc6 would now be deadly.} 26. Nde4 Qc6 {[%emt 0:03:27] Weighted Error Value: White=0.57/Black=0.12 (very precise) .  Mistake:       	White=5     	Black=2      Inaccurate:     	White=2     	---        OK:         	White=5     	Black=11     Best:        	---       	Black=2      Brilliant:      	---       	Black=1} 0-1

[Event "2nd Cambridge Open 2024"]
[Site "Cambridge"]
[Date "2024.02.19"]
[Round "1.8"]
[White "Turner, Matthew J"]
[Black "Martin, Lewis"]
[Result "1-0"]
[ECO "A07"]
[WhiteElo "2448"]
[BlackElo "2144"]
[Annotator "ChessBase"]
[PlyCount "59"]
[EventDate "2024.02.18"]
[EventType "swiss"]
[EventCountry "ENG"]
[SourceTitle "playchess.com"]
[Source "ChessBase"]
[SourceQuality "1"]
[TimeControl "5400+30"]

1. Nf3 Nf6 2. g3 d5 3. Bg2 c6 4. O-O Nbd7 5. d3 e5 6. e4 d4 7. c3 c5 8. Na3 Bd6 9. Bd2 O-O 10. Qc2 Qe7 11. cxd4 cxd4 12. Nb5 Ne8 13. Nxd6 Nxd6 14. Bb4 a5 15. Ba3 b5 16. Qc6 Ra6 17. Qxb5 Nxb5 18. Bxe7 Re8 19. Rfc1 Nb6 20. Bc5 Na4 21. Nxe5 Rxe5 22. Bxd4 Re8 23. Be3 Rd6 24. Rc2 Bd7 25. b3 Nb6 26. d4 Rc8 27. Rxc8+ Nxc8 28. e5 Ra6 29. Rc1 Ra7 30. a4 1-0

[Event "2nd Cambridge Open 2024"]
[Site "Cambridge"]
[Date "2024.02.19"]
[Round "1.9"]
[White "Fava, Lorenzo"]
[Black "Willow, Jonah B"]
[Result "0-1"]
[ECO "B45"]
[WhiteElo "2084"]
[BlackElo "2434"]
[Annotator "ChessBase"]
[PlyCount "70"]
[EventDate "2024.02.18"]
[EventType "swiss"]
[EventCountry "ENG"]
[SourceTitle "playchess.com"]
[Source "ChessBase"]
[SourceQuality "1"]
[TimeControl "5400+30"]

1. e4 c5 2. Nf3 e6 3. d4 cxd4 4. Nxd4 Nf6 5. Nc3 Nc6 6. Nxc6 bxc6 7. e5 Nd5 8. Ne4 Qc7 9. f4 Qb6 10. c4 Ne3 11. Qd3 Bb4+ 12. Nc3 Nf5 13. g4 Nh4 14. Be3 Qa5 15. Bf2 Ng6 16. Bg3 Rb8 17. Be2 O-O 18. O-O Bxc3 19. bxc3 Rb2 20. h4 Qc5+ 21. Kh1 Ba6 22. h5 Rxe2 23. Qxe2 Bxc4 24. Qf2 Qd5+ 25. Kh2 Bxf1 26. Rxf1 Ne7 27. Qxa7 c5 28. Qa4 Ra8 29. Rb1 f5 30. Qc2 Rxa2 31. Rb2 Rxb2 32. Qxb2 fxg4 33. h6 Qa8 34. hxg7 Nf5 35. Qe2 Qh1+ 0-1

[Event "2nd Cambridge Open 2024"]
[Site "Cambridge"]
[Date "2024.02.19"]
[Round "1.10"]
[White "Wadsworth, Matthew J"]
[Black "Banerjee, Supratit"]
[Result "1-0"]
[ECO "E07"]
[WhiteElo "2450"]
[BlackElo "1984"]
[Annotator "ChessBase"]
[PlyCount "113"]
[EventDate "2024.02.18"]
[EventType "swiss"]
[EventCountry "ENG"]
[SourceTitle "playchess.com"]
[Source "ChessBase"]
[SourceQuality "1"]
[TimeControl "5400+30"]

1. Nf3 d5 2. g3 Nf6 3. Bg2 e6 4. O-O Be7 5. c4 O-O 6. d4 c6 7. Nc3 b6 8. b3 Bb7 9. Bb2 Nbd7 10. Rc1 Rc8 11. Qd3 Re8 12. Rfd1 Ba6 13. e4 c5 14. e5 dxc4 15. bxc4 Nd5 16. Nxd5 exd5 17. Qf5 Nf8 18. cxd5 Qxd5 19. Ng5 Qxa2 20. Ra1 Qb3 21. Qxf7+ Qxf7 22. Nxf7 Bc4 23. Nd6 Bxd6 24. exd6 Bb3 25. dxc5 Bxd1 26. Bd5+ Kh8 27. Rxa7 Re1+ 28. Kg2 Ne6 29. Bxe6 Rxe6 30. Rxg7 Bf3+ 31. Kxf3 Rf8+ 32. Rf7+ Kg8 33. Rxf8+ Kxf8 34. cxb6 Re8 35. d7 Rb8 36. Be5 Rd8 37. b7 Ke7 38. b8=Q Rxb8 39. Bxb8 Kxd7 40. Kg4 Ke6 41. Kg5 Kf7 42. Kh6 Kg8 43. Be5 Kf7 44. g4 Kg8 45. g5 Kf7 46. Kxh7 Ke6 47. g6 Kxe5 48. g7 Kf4 49. g8=Q Kf3 50. Qg3+ Ke4 51. Kg6 Kd4 52. Kf5 Kc4 53. Ke5 Kb5 54. Kd5 Kb6 55. Qb8+ Ka6 56. Kc4 Ka5 57. Qa7# 1-0

[Event "2nd Cambridge Open 2024"]
[Site "Cambridge"]
[Date "2024.02.19"]
[Round "1.11"]
[White "Crocker, Philip J"]
[Black "Wachinger, Nikolas"]
[Result "0-1"]
[ECO "E65"]
[WhiteElo "2137"]
[BlackElo "2437"]
[Annotator "ChessBase"]
[PlyCount "72"]
[EventDate "2024.02.18"]
[EventType "swiss"]
[EventCountry "ENG"]
[SourceTitle "playchess.com"]
[Source "ChessBase"]
[SourceQuality "1"]
[TimeControl "5400+30"]

1. c4 Nf6 2. g3 g6 3. Bg2 Bg7 4. Nc3 O-O 5. d4 d6 6. Nf3 c5 7. O-O cxd4 8. Nxd4 Ng4 9. h3 Ne5 10. b3 Nbc6 11. Be3 Be6 12. Rc1 Rc8 13. Qd2 a6 14. Rfd1 Nxd4 15. Bxd4 b5 16. cxb5 axb5 17. Nd5 Rxc1 18. Rxc1 Bxd5 19. Bxd5 Qb8 20. f4 Nd7 21. Bxg7 Kxg7 22. Qc3+ Nf6 23. Kg2 b4 24. Qd2 Rc8 25. Bf3 Rxc1 26. Qxc1 e5 27. fxe5 dxe5 28. Qc4 Qb6 29. Bd5 Qe3 30. Bf3 e4 31. Bg4 h5 32. Bc8 h4 33. gxh4 Nh5 34. Bg4 Qg3+ 35. Kf1 e3 36. Qd4+ Kh7 0-1

[Event "2nd Cambridge Open 2024"]
[Site "Cambridge"]
[Date "2024.02.19"]
[Round "1.12"]
[White "Hanley, Craig A"]
[Black "Ismail, Mohammed Aayan"]
[Result "1-0"]
[ECO "D00"]
[WhiteElo "2431"]
[BlackElo "2115"]
[Annotator "TA"]
[PlyCount "77"]
[EventDate "2024.02.18"]
[EventType "swiss"]
[EventCountry "ENG"]
[SourceTitle "playchess.com"]
[Source "ChessBase"]
[SourceQuality "1"]
[TimeControl "5400+30"]

1. d4 d5 2. Bf4 Nf6 3. Nc3 e6 4. Nb5 Na6 5. e3 c6 6. Nc3 Bd6 7. Nf3 O-O 8. Bd3 (8. Bxa6 $14 {might be stronger.} bxa6 9. Na4) 8... Bxf4 $11 9. exf4 c5 10. Bxa6 bxa6 11. O-O Qc7 12. Na4 cxd4 13. Qxd4 Ne4 14. Ne5 {[%emt 0:07:37] Repels Bd7} Bb7 15. f3 Nd6 16. c3 Rfc8 17. Rfd1 Qa5 {[%emt 0:02:41] White must now prevent ...f6.} 18. b3 Nb5 (18... Bc6 $11 19. Nxc6 Rxc6) 19. Qd2 {[%emt 0:09:27] White is more active.} (19. Qb4 $14 Qxb4 20. cxb4) 19... Nxc3 20. Rac1 d4 21. Nxc3 (21. Nc4 $2 Rxc4 22. bxc4 Qxa4 $19) 21... dxc3 22. Qd7 Bd5 23. Qxf7+ (23. Nxf7 $2 {perishes.} Rc7 (23... Qxa2 24. Rxd5 Qa3 25. Rdd1 $16) 24. Qd6 c2 $19 (24... Kxf7 $2 25. Rd4 $19) (24... Rxf7 $2 25. Qe5 $19)) 23... Kh8 {[%emt 0:00:01][%cal Oc3c2] Threatens to win with ...c2!} 24. Rc2 Qc5+ 25. Kf1 Rc7 $1 26. Qh5 Rac8 27. Rd3 {[%emt 0:01:57] Strongly threatening Rcxc3. The board is on fire.} Qb5 $1 {[%emt 0:01:51][%cal Od5c4] ...Bc4! would now be deadly.} 28. Qh4 a5 {[%emt 0:01:17] Hoping for ...a4.} 29. Qe1 Qb4 30. Qe3 (30. g3 $11) 30... a4 $15 31. bxa4 {[%emt 0:03:01] [#]} Bxa2 $1 {[%emt 0:00:58] ...Bb1 is the strong threat.} 32. Qd4 (32. Rd4 Qb1+) 32... Qxd4 ({Avoid the trap} 32... Qb1+ $2 33. Rd1 $18) 33. Rxd4 Bb1 ({Black should play} 33... Bb3 $15 34. Rc1 a5) 34. Rc1 $11 Rb7 {[%emt 0:00:16] [#]} (34... c2 $11 {and Black has nothing to worry.}) 35. Rxc3 $3 $18 Rcb8 (35... Ra8 36. a5) 36. Rd7 h6 {[%emt 0:00:31] [#]} 37. Rc8+ $3 Rxc8 38. Rxb7 a5 $2 (38... Rc1+ 39. Kf2 a5) 39. Rxb1 {[%emt 0:00:05] Weighted Error Value: White=0.12 (very precise) /Black=0.26 (precise) .  Loses game:     	---       	Black=1      Mistake:       	White=3     	Black=3      Inaccurate:     	White=1     	Black=4      OK:         	White=14    	Black=7      Best:        	White=4     	Black=2      Strong:       	---       	Black=2      Brilliant:      	White=1     	---} 1-0

[Event "2nd Cambridge Open 2024"]
[Site "Cambridge"]
[Date "2024.02.19"]
[Round "1.13"]
[White "Waller, Dan"]
[Black "Roberson, Peter T"]
[Result "0-1"]
[ECO "B51"]
[WhiteElo "2126"]
[BlackElo "2424"]
[Annotator "ChessBase"]
[PlyCount "70"]
[EventDate "2024.02.18"]
[EventType "swiss"]
[EventCountry "ENG"]
[SourceTitle "playchess.com"]
[Source "ChessBase"]
[SourceQuality "1"]
[TimeControl "5400+30"]

1. e4 c5 2. Nf3 d6 3. Bb5+ Nd7 4. d4 cxd4 5. Qxd4 a6 6. Bxd7+ Bxd7 7. c4 Nf6 8. Bg5 e6 9. O-O Be7 10. Nc3 O-O 11. Rfe1 Qc7 12. Rad1 Rfd8 13. b3 b5 14. cxb5 axb5 15. a4 bxa4 16. bxa4 h6 17. Bd2 e5 18. Qd3 Bxa4 19. Nxa4 Rxa4 20. Rc1 Qb7 21. Rb1 Qa8 22. Rb4 Ra3 23. Qb1 Bf8 24. Rb7 Ra1 25. Qb3 Rd7 26. Rxd7 Nxd7 27. Rxa1 Qxa1+ 28. Ne1 Nc5 29. Qc2 Qd4 30. Be3 Qxe4 31. Qc3 d5 32. f3 Qb1 33. Bc1 Nb3 34. Bd2 Nxd2 35. Qxd2 Bb4 0-1

[Event "2nd Cambridge Open 2024"]
[Site "Cambridge"]
[Date "2024.02.19"]
[Round "1.14"]
[White "Haubro, Martin"]
[Black "Okhai, Shabir"]
[Result "1-0"]
[ECO "C77"]
[WhiteElo "2418"]
[BlackElo "2114"]
[Annotator "ChessBase"]
[PlyCount "67"]
[EventDate "2024.02.18"]
[EventType "swiss"]
[EventCountry "ENG"]
[SourceTitle "playchess.com"]
[Source "ChessBase"]
[SourceQuality "1"]
[TimeControl "5400+30"]

1. e4 e5 2. Nf3 Nc6 3. Bb5 a6 4. Ba4 Nf6 5. d3 d6 6. c3 g6 7. O-O Bg7 8. h3 O-O 9. Be3 b5 10. Bc2 d5 11. Nbd2 dxe4 12. dxe4 Qe7 13. b4 Nd7 14. a4 bxa4 15. Bxa4 Na7 16. Nc4 Rd8 17. Qc2 Qe6 18. Bb3 Qe7 19. Rfd1 Nb5 20. Na5 Nb8 21. Bd5 c6 22. Bc5 Qf6 23. Nxc6 Nxc6 24. Bxc6 Rb8 25. Rxd8+ Qxd8 26. Rd1 Qf6 27. Bxb5 Rxb5 28. Rd6 Qe7 29. c4 Rxc5 30. bxc5 Bf8 31. Qc3 Qb7 32. Qxe5 Bxd6 33. cxd6 Be6 34. Ng5 1-0

[Event "2nd Cambridge Open 2024"]
[Site "Cambridge"]
[Date "2024.02.19"]
[Round "1.15"]
[White "Southcott-Moyers, Indy"]
[Black "Hebden, Mark L"]
[Result "1/2-1/2"]
[ECO "E73"]
[WhiteElo "2123"]
[BlackElo "2416"]
[Annotator "ChessBase"]
[PlyCount "132"]
[EventDate "2024.02.18"]
[EventType "swiss"]
[EventCountry "ENG"]
[SourceTitle "playchess.com"]
[Source "ChessBase"]
[SourceQuality "1"]
[TimeControl "5400+30"]

1. d4 Nf6 2. c4 g6 3. Nc3 Bg7 4. e4 d6 5. Be2 O-O 6. Be3 e5 7. d5 Na6 8. g4 Nc5 9. f3 h5 10. g5 Nh7 11. h4 f6 12. Qd2 fxg5 13. hxg5 a5 14. Nh3 Bd7 15. Nf2 Qe7 16. Rg1 b6 17. O-O-O a4 18. Kc2 a3 19. b3 Rf4 20. Bxf4 exf4 21. Qxf4 Rf8 22. Qd2 Qe5 23. Rg2 Rf7 24. Rdg1 Na6 25. Nd3 Qd4 26. Nb1 Nc5 27. Qc3 Nxd3 28. Qxd4 Nb4+ 29. Kc3 Nxa2+ 30. Kd3 Nb4+ 31. Kc3 Bxd4+ 32. Kxd4 a2 33. Nd2 a1=Q+ 34. Rxa1 Nc2+ 35. Kd3 Nxa1 36. Rg1 Kg7 37. Rxa1 Nxg5 38. Ke3 Nh3 39. Ra7 Nf4 40. Rxc7 Nxe2 41. Kxe2 g5 42. e5 dxe5 43. Ne4 Kg6 44. Rb7 g4 45. Rxb6+ Kg7 46. fxg4 Bxg4+ 47. Ke1 h4 48. Nf2 Bf5 49. c5 h3 50. c6 h2 51. Rb7 Bc8 52. Rxf7+ Kxf7 53. d6 Ba6 54. Nh1 Ke6 55. d7 Ke7 56. Kf2 Bb5 57. Kg3 Bxc6 58. Kxh2 Kxd7 59. Ng3 Kd6 60. Kg1 Kc5 61. Kf2 Bd5 62. Ke3 Bxb3 63. Ne4+ Kd5 64. Nf6+ Ke6 65. Ng4 Bd1 66. Nxe5 Kxe5 1/2-1/2